Map: Catalyst LE

Players

Snute

  • Race: Zerg Zerg
  • Spawn Location: 11:00

Seither - Winner!

  • Race: Terran Terran
  • Spawn Location: 5:00

Event: WCS Austin 2018

VOD

Have the link to the VOD?

Description

Time

  • Played on: June 1, 2018, 10:16 p.m.
  • Length: 19:18

All games in this series

Show
View Real Time Build Order
Export as new Build Order

Snute Zerg 

Build Orders: Pool First 

Get SALT Encoding   

  12  0:00  Drone  
  13  0:12  Overlord  
  13  0:17  Drone  
  14  0:30  Drone x2  
  14  0:34  Drone  
  17  0:44  Spawning Pool  
  17  0:48  Drone  
  17  1:09  Hatchery  
  16  1:11  Drone  
  16  1:14  Drone  
  16  1:17  Extractor  
  17  1:20  Drone  
  18  1:30  Queen  
  20  1:33  Zergling x2  
  20  1:39  Overlord  
  21  1:49  Drone  
  22  2:00  Drone  
  23  2:06  Queen  
  25  2:10  Drone  
  26  2:16  Metabolic Boost  
  26  2:20  Queen  
  28  2:23  Drone x2  
  30  2:32  Drone x2  
  32  2:38  Overlord  
  32  2:40  Drone x2  
  32  2:42  Drone  
  35  2:47  Spore Crawler  
  35  2:48  Drone  
  34  2:53  Overlord  
  34  2:55  Drone  
  36  3:07  Hatchery  
  36  3:09  Drone x2  
  37  3:15  Zergling x2  
  37  3:16  Zergling x4  
  37  3:19  Zergling x4  
  42  3:23  Zergling x4  
  44  3:27  Overlord  
  44  3:30  Drone x2  
  46  3:37  Queen  
  46  3:39  Queen  
  50  3:49  Drone x2  
  50  3:50  Drone x3  
  50  3:51  Drone  
  50  3:53  Drone x2  
  58  3:58  Overlord  
  58  4:01  Drone  
  59  4:03  Drone  
  60  4:12  Overlord  
  60  4:16  Overlord, Queen x2  
  64  4:21  Queen  
  66  4:25  Overlord  
  66  4:27  Overlord  
  66  4:32  Drone x4  
  66  4:34  Drone  
  66  4:37  Drone  
  72  4:40  Drone  
  72  4:41  Evolution Chamber, Drone  
  73  4:47  Drone x4  
  73  4:48  Drone  
  73  4:49  Drone  
  73  4:51  Drone  
  73  4:52  Drone x2  
  82  4:56  Drone x2  
  82  4:59  Queen  
  86  5:01  Spore Crawler  
  86  5:04  Spore Crawler  
  86  5:05  Spore Crawler  
  83  5:08  Zerg Ground Armor Level 1  
  83  5:11  Evolution Chamber, Drone  
  83  5:13  Drone x2  
  85  5:15  Drone  
  85  5:16  Drone  
  85  5:20  Baneling Nest  
  84  5:24  Spine Crawler  
  84  5:25  Zergling x10  
  88  5:30  Zergling x8  
  88  5:31  Zergling x2  
  93  5:38  Zergling x6  
  96  5:44  Overlord, Extractor  
  96  5:45  Extractor  
  96  5:46  Drone  
  96  5:47  Drone  
  96  5:49  Drone  
  97  5:52  Drone  
  97  5:56  Overlord  
  98  6:03  Zerg Melee Weapons Level 1, Extractor x2  
  96  6:10  Drone  
  96  6:11  Drone x4  
  101  6:13  Zergling x10  
  105  6:22  Zergling x2  
  105  6:23  Zergling x6  
  109  6:32  Zergling x6  
  111  6:33  Zergling x4  
  111  6:36  Overlord x2  
  113  6:40  Baneling x6  
  113  6:41  Baneling x5  
  113  6:42  Hatchery  
  112  6:47  Overlord  
  112  6:48  Overlord  
  112  6:51  Overlord x2  
  112  6:54  Queen x3  
  110  7:09  Zergling x18  
  110  7:15  Zergling x2  
  107  7:21  Zergling x2  
  107  7:22  Zergling x2  
  106  7:24  Baneling  
  106  7:25  Baneling x6  
  106  7:28  Zergling x8  
  106  7:29  Queen x2  
  104  7:35  Zergling x2  
  97  7:40  Zergling x2  
  97  7:41  Hatchery, Zergling x2  
  88  7:49  Zergling x4  
  86  7:55  Zergling x16  
  91  8:04  Lair  
  91  8:05  Queen x2  
  91  8:07  Zergling x8  
  99  8:13  Drone  
  99  8:18  Drone x2  
  101  8:25  Zergling x8  
  101  8:26  Zergling x6  
  94  8:36  Drone x6  
  91  8:44  Zergling x2  
  91  8:48  Zergling x4  
  94  8:54  Hatchery  
  93  8:57  Zergling x2  
  93  8:58  Zergling x10  
  99  9:04  Zerg Ground Armor Level 2  
  99  9:08  Zerg Melee Weapons Level 2  
  99  9:19  Baneling x8  
  99  9:21  Zergling x2  
  99  9:22  Zergling x10  
  105  9:24  Baneling  
  105  9:25  Baneling x4  
  105  9:26  Baneling x2  
  105  9:27  Baneling  
  105  9:30  Zergling x4  
  105  9:31  Zergling x2  
  107  9:42  Zergling x2  
  107  9:43  Zergling x18  
  118  9:52  Zergling x2  
  118  9:53  Zergling x14  
  118  10:05  Zergling x18  
  91  10:17  Zergling x14  
  91  10:20  Centrifical Hooks  
  98  10:22  Zergling x8  
  97  10:36  Zergling x2  
  97  10:37  Zergling x14  
  102  10:47  Zergling x8  
  99  10:52  Zergling x4  
  99  10:55  Hydralisk Den  
  100  11:03  Zergling x10  
  100  11:04  Zergling x2  
  105  11:10  Zergling x6  
  108  11:15  Zergling x8  
  112  11:22  Baneling x3  
  112  11:23  Baneling x14  
  112  11:24  Baneling  
  112  11:26  Grooved Spines  
  112  11:28  Zergling x14  
  112  11:29  Hatchery  
  118  11:36  Drone x2  
  118  11:37  Drone x2  
  118  11:38  Drone  
  118  11:39  Drone  
  124  11:42  Baneling  
  124  11:43  Baneling x7  
  124  11:57  Zergling x22  
  127  12:08  Zergling x26  
  108  12:15  Zergling x4  
  95  12:17  Baneling x6  
  89  12:23  Zergling x2  
  89  12:24  Zergling x12  
  93  12:32  Zergling x8  
  97  12:43  Drone x4  
  97  12:44  Drone x2  
  103  12:49  Hydralisk  
  105  12:51  Hydralisk  
  105  12:52  Hydralisk x2  
  105  12:53  Drone  
  105  12:54  Drone  
  105  12:55  Drone x2  
  115  13:06  Hydralisk x3  
  115  13:09  Drone  
  115  13:10  Drone x2  
  124  13:14  Hydralisk x2  
  128  13:22  Baneling  
  128  13:23  Baneling x3  
  128  13:25  Zergling x12  
  137  13:32  Hydralisk  
  137  13:33  Hydralisk  
  134  13:43  Zergling x12  
  140  13:49  Baneling x9  
  132  14:03  Zergling x20  
  137  14:16  Zergling x10  
  124  14:17  Hydralisk x4  
  124  14:24  Hydralisk  
  128  14:27  Hydralisk  
  132  14:32  Hydralisk  
  132  14:33  Muscular Augments, Hydralisk  
  132  14:37  Hydralisk  
  138  14:44  Baneling x6  
  139  14:45  Zergling x2  
  139  14:46  Zergling x4  
  140  14:54  Hydralisk  
  140  14:55  Hydralisk  
  144  15:08  Hydralisk  
  144  15:10  Hydralisk  
  144  15:12  Overlord  
  148  15:15  Hatchery  
  147  15:23  Baneling  
  147  15:24  Baneling  
  145  15:29  Overlord x2  
  145  15:31  Hydralisk x4  
  153  15:41  Hydralisk x2  
  157  15:48  Zerg Missile Weapons Level 1  
  157  15:52  Drone x3  
  157  15:53  Infestation Pit  
  159  16:02  Hydralisk  
  159  16:03  Hydralisk x3  
  149  16:26  Zergling x8  
  149  16:27  Zergling x28  
  158  16:37  Zergling x12  
  152  16:50  Zergling x8  
  152  16:51  Zergling x10  
  117  17:05  Zergling x2  
  117  17:06  Zergling x16  
  121  17:15  Zergling x12  
  127  17:23  Hydralisk x2  
  131  17:32  Baneling x13  
  131  17:37  Baneling  
  131  17:38  Baneling x7  
  131  17:40  Hydralisk  
  131  17:44  Hydralisk  
  133  17:48  Baneling x8  
  133  17:49  Baneling x2  
  135  17:54  Zergling x8  
  136  18:03  Zergling x14  
  139  18:19  Zergling x22  
  150  18:29  Zergling x2  
  150  18:30  Zergling x10  
  156  18:36  Zergling x2  
  156  18:37  Zergling x8  
  161  18:46  Zergling x8  
Show
View Real Time Build Order
Export as new Build Order

Seither Terran - Winner!

Build Orders: Reaper Expand, Bio Tank 

Get SALT Encoding   

  12  0:00  SCV  
  13  0:12  SCV  
  14  0:17  Supply Depot  
  14  0:25  SCV  
  15  0:39  SCV  
  15  0:41  Barracks  
  16  0:46  Refinery  
  16  0:51  SCV  
  17  1:03  SCV  
  18  1:15  SCV  
  19  1:29  Orbital Command  
  19  1:30  Reaper  
  20  1:41  Command Center  
  20  1:55  Supply Depot  
  20  1:56  SCV  
  21  2:02  Marine  
  21  2:07  Factory  
  22  2:10  SCV  
  22  2:15  Refinery  
  23  2:22  SCV  
  24  2:24  Barracks Reactor  
  24  2:34  SCV  
  25  2:46  SCV  
  25  2:56  Starport  
  26  2:58  SCV  
  26  3:05  Hellion x2  
  30  3:06  Orbital Command  
  30  3:10  SCV, Barracks Tech Lab  
  31  3:22  SCV  
  32  3:29  Hellion x2  
  32  3:31  Stimpack, Marine  
  38  3:34  SCV  
  38  3:35  Viking  
  38  3:38  SCV  
  41  3:45  Supply Depot  
  41  3:49  SCV  
  41  3:50  Marine, SCV  
  44  4:04  Factory Tech Lab  
  44  4:05  SCV  
  44  4:06  SCV  
  44  4:08  Barracks  
  44  4:09  Barracks  
  46  4:15  Supply Depot  
  46  4:16  Starport Reactor  
  46  4:17  Marine  
  46  4:19  SCV x2  
  49  4:27  Engineering Bay  
  49  4:30  Siege Tank  
  52  4:33  Refinery, SCV  
  52  4:35  SCV  
  52  4:36  Marine  
  55  4:39  Supply Depot  
  55  4:47  SCV x2  
  57  4:54  Terran Infantry Weapons Level 1, Marine  
  57  4:56  Marine x2  
  60  5:00  Starport Reactor, SCV x2  
  60  5:02  Supply Depot  
  60  5:05  Siege Tank  
  60  5:06  Marine  
  66  5:15  SCV x2  
  68  5:23  Marine x2  
  68  5:24  Refinery, Marine x2  
  68  5:25  Supply Depot  
  72  5:29  SCV x2  
  72  5:32  Marine  
  72  5:33  Supply Depot  
  75  5:38  Siege Tank  
  78  5:46  Marine  
  78  5:47  Medivac x2  
  78  5:49  SCV  
  85  5:50  Supply Depot, SCV  
  85  5:55  Marine x2  
  85  5:56  Marine x2, Combat Shields  
  89  6:04  Marine  
  89  6:06  SCV x2  
  89  6:07  Supply Depot  
  92  6:13  Marine  
  92  6:14  Supply Depot  
  92  6:15  Marine x2  
  92  6:16  Siege Tank  
  98  6:22  Medivac x2  
  102  6:29  Marine x2  
  102  6:30  Supply Depot  
  104  6:37  Supply Depot  
  104  6:42  Marine x3  
  104  6:46  Marine  
  106  6:59  Marine x2  
  107  7:02  Marine x2  
  107  7:04  Marine  
  93  7:17  Marine  
  93  7:20  Marine x3  
  93  7:21  Medivac x2, Siege Tank  
  93  7:22  Marine  
  104  7:25  Command Center  
  99  7:37  Marine  
  99  7:38  Marine x3  
  99  7:51  Medivac  
  99  7:53  Siege Tank, SCV x2  
  99  7:54  Engineering Bay, Armory, Barracks  
  99  7:55  Barracks, Supply Depot x2  
  103  7:59  Medivac  
  103  8:05  Marine x3  
  105  8:19  Supply Depot  
  101  8:27  Marine x4  
  101  8:34  Marine  
  97  8:42  Barracks Reactor x2  
  97  8:45  Marine x4  
  97  8:47  Orbital Command  
  101  8:51  Marine  
  101  8:53  SCV x2  
  104  8:58  Medivac  
  104  8:59  Medivac  
  108  9:03  Marine x4  
  108  9:04  Terran Infantry Weapons Level 2  
  108  9:09  Marine  
  113  9:14  SCV x2  
  115  9:18  Marine  
  115  9:19  Marine x2  
  115  9:21  Marine  
  118  9:26  SCV  
  115  9:38  Marine x4  
  118  9:41  Orbital Command, Siege Tank  
  118  9:42  Medivac x2  
  123  9:46  SCV x2  
  122  9:57  Marine x2  
  123  10:00  SCV x2  
  106  10:09  Marine  
  106  10:10  Marine x3  
  103  10:14  Medivac, Siege Tank  
  106  10:25  Marine x2  
  106  10:26  Marine x3  
  106  10:27  Marine  
  106  10:28  Terran Infantry Armor Level 1  
  112  10:36  Marine  
  111  10:46  Siege Tank  
  111  10:48  Marine  
  111  10:49  Marine x5  
  112  11:01  Marine x3  
  115  11:06  Marine x2, SCV x2  
  115  11:07  Marine x3  
  115  11:08  SCV  
  115  11:09  Medivac  
  115  11:10  Medivac  
  127  11:17  Marine  
  127  11:18  SCV  
  129  11:19  Marine  
  129  11:24  Marine x2, Siege Tank  
  135  11:31  Marine x4  
  135  11:32  Terran Infantry Weapons Level 3  
  139  11:35  Marine x2  
  139  11:36  Supply Depot  
  139  11:37  Marine, SCV x2  
  139  11:38  Supply Depot  
  144  11:41  Marine  
  144  11:42  Marine  
  145  11:50  Medivac x2  
  149  11:56  Siege Tank  
  124  12:14  Marine x2  
  114  12:16  Marine x3  
  114  12:17  Marine  
  114  12:19  Medivac  
  114  12:20  Medivac  
  122  12:22  Marine  
  122  12:23  Marine  
  122  12:28  Command Center, Supply Depot  
  122  12:29  Supply Depot, Siege Tank  
  126  12:39  Marine x3  
  126  12:40  Marine x3, Terran Infantry Armor Level 2  
  128  12:47  Marine x2  
  128  12:49  Medivac  
  128  12:50  Medivac, Terran Vehicle And Ship Armor Level 1  
  134  12:56  Supply Depot x2, SCV x3  
  137  13:07  Siege Tank  
  137  13:08  Marine x4  
  137  13:09  Marine x3  
  147  13:18  Marine x2  
  149  13:26  Marine  
  150  13:32  Marine x2  
  150  13:33  Marine x4  
  156  13:35  Marine  
  156  13:36  Marine  
  155  13:44  Marine  
  154  13:52  Siege Tank  
  146  14:04  Orbital Command  
  146  14:05  Marine  
  146  14:06  Marine x3  
  146  14:13  Marine x3  
  146  14:14  Marine x2  
  147  14:23  Barracks, Medivac x2, Marine  
  151  14:24  Siege Tank  
  151  14:25  Barracks  
  151  14:26  Barracks  
  154  14:33  Marine  
  154  14:34  Marauder, Marine  
  158  14:42  Marine x4  
  158  14:43  Marine x2  
  164  14:54  Planetary Fortress  
  164  14:55  Marauder  
  164  14:57  Siege Tank  
  167  15:01  Marine x4  
  167  15:02  Terran Infantry Armor Level 3  
  171  15:14  Barracks Tech Lab  
  171  15:15  Barracks Tech Lab x2  
  171  15:17  Marauder  
  173  15:26  Marine  
  173  15:27  Marine x2  
  175  15:29  Siege Tank  
  175  15:32  SCV x3  
  175  15:33  SCV, Sensor Tower  
  182  15:38  Marauder  
  184  15:44  SCV  
  184  15:49  Marauder x2, Marine x6  
  193  15:50  Concussive Shells, Supply Depot  
  194  15:59  Marauder  
  194  16:03  Marine x2  
  196  16:11  Marine, Siege Tank  
  183  16:27  Marine x2  
  183  16:28  Marauder x2, Marine x4  
  183  16:35  SCV x2  
  183  16:37  Command Center  
  184  16:43  Siege Tank  
  139  16:58  Marauder, Marine x4  
  139  16:59  Marauder  
  117  17:04  Marauder, Marine x4  
  117  17:05  Marauder  
  106  17:16  Marine x4, Siege Tank  
  106  17:20  Marauder  
  106  17:21  Marine  
  106  17:22  Marine x2  
  118  17:28  Marine x2  
  120  17:33  Marine  
  120  17:34  Marauder x2, Marine  
  126  17:42  Marine x3  
  126  17:43  Marauder, Marine  
  132  17:48  Siege Tank  
  135  18:01  Marauder x2, Marine x6  
  135  18:02  Marauder  
  147  18:10  Marine  
  147  18:11  Marine x2  
  150  18:18  Marine x2  
  150  18:19  Marine x2  
  153  18:20  Siege Tank  
  153  18:26  Planetary Fortress  
  156  18:31  Marine x6  
  156  18:32  Marauder  
  164  18:40  Marine x4  
  164  18:41  Marine  
  166  18:49  Marine  
Tags
 
Add a new tag
Caveats
  • Supply blocks, unpowered buildings, or Contaminate may cause inaccurate times.
  • Supply counts are checked every 10 seconds.